AoeStats
← zuzmuz

MegaRandom

505465344Analyzed
2v2 RM · 22d ago on Sep 9, 2026· 55m 15s· 4 players
Game mode
Random Map
Map size
Medium (4 player)
Population
200
Speed
Normal
Resources
Standard
Victory
Conquest
Starting age
Dark Age
Ending age
Imperial Age
RankedLock teamsTeams togetherTeam positionsShared explorationLock speedFull tech treeHidden civsTurbo modeCheats
Victory
Defeat
🇩🇪 Maya · Germany
1450
+8
🇬🇧 Celts · United Kingdom
1212
+16
🇮🇶 Saracens · Iraq
1247
-12
🇱🇧 Persians · Lebanon
1230
-12
Captain Coach
10:20 Feudal Age
10:47 Double-Bit Axe
10:45 Horse Collar
17:34 Wheelbarrow
17:14 Loom
20:35 Castle Age
19:56 Gold Mining
23:49 Bloodlines
23:47 Scale Barding Armor
26:22 Bow Saw
28:19 Town Watch
34:08 Hand Cart
34:24 Heavy Plow
38:10 Imperial Age
38:23 Imperial Age
36:38 Gold Shaft Mining
35:55 Stone Mining
36:18 Husbandry
38:11 Ballistics
38:49 Chain Barding Armor
38:40 Forging
38:10 Cavalier
38:48 Fletching
40:28 Plate Barding Armor
41:06 Chemistry
41:21 Savar
43:28 Iron Casting
44:02 Two-Man Saw
45:40 Blast Furnace
49:15 Bodkin Arrow
49:40 Masonry
49:25 Murder Holes
zuzmuz
9:08 Loom
11:17 Feudal Age
16:29 Castle Age
17:34 Double-Bit Axe
23:54 Horse Collar
25:10 Bloodlines
28:40 Scale Barding Armor
29:33 Fletching
29:43 Padded Archer Armor
31:14 Wheelbarrow
31:13 Thumb Ring
31:06 Bodkin Arrow
32:13 Leather Archer Armor
32:32 Ballistics
32:58 Gold Mining
32:58 Stone Mining
33:53 Chain Barding Armor
33:42 Husbandry
35:00 Hand Cart
36:48 Heavy Plow
36:59 Bow Saw
39:39 Imperial Age
39:25 Forging
40:41 Iron Casting
41:23 Parthian Tactics
40:27 Heavy Cavalry Archer
40:44 Elite Skirmisher
42:06 Parthian Tactics
42:17 Bracer
44:55 Ring Archer Armor
47:56 Two-Man Saw
49:22 Heavy Camel Rider
51:52 Chemistry
50:27 Heavy Camel Rider
OhLawdHeComin
7:58 Loom
10:51 Feudal Age
11:20 Horse Collar
11:27 Double-Bit Axe
12:36 Man-at-Arms
16:46 Scale Mail Armor
17:51 Forging
19:34 Wheelbarrow
22:18 Castle Age
22:39 Pikeman
24:01 Iron Casting
23:41 Chain Mail Armor
23:33 Heavy Plow
28:27 Arson
29:56 Town Watch
30:31 Scale Barding Armor
31:06 Hand Cart
31:32 Chain Barding Armor
33:06 Gold Mining
33:44 Town Patrol
34:27 Fletching
39:52 Gold Shaft Mining
41:59 Imperial Age
40:47 Husbandry
42:00 Cavalier
43:42 Blast Furnace
42:53 Capped Ram
44:16 Furor Celtica
43:54 Siege Ram
44:09 Paladin
45:35 Conscription
45:21 Bodkin Arrow
53:54 Long Swordsman
54:19 Gambesons
Alexspiration
0:27 Loom
10:14 Feudal Age
10:48 Double-Bit Axe
11:52 Horse Collar
14:57 Fletching
20:50 Castle Age
19:24 Padded Archer Armor
22:10 Wheelbarrow
21:08 Crossbowman
21:45 Bodkin Arrow
21:38 Town Watch
22:42 Leather Archer Armor
23:33 Ballistics
25:44 Bow Saw
25:27 Gold Mining
25:33 Town Watch
31:24 Stone Mining
33:16 Treadmill Crane
36:12 Imperial Age
35:43 Thumb Ring
36:35 Town Patrol
37:59 Chemistry
37:10 Bracer
38:15 Hand Cart
38:45 Conscription
37:51 Arbalester
39:35 Ring Archer Armor
39:23 Masonry
44:04 Architecture
50:10 Elite Skirmisher
53:14 Hul'che Javelineers
Connection lost

Rejoining the realm…

Still unreachable

The connection could not be restored.

Session expired

The server has moved on; the page needs a fresh start.